 Dungeon Crawl Stone Soup version 0.20-a0-16-g0876c8e (webtiles) character file.

130 Kareekexe the Ogre Mage (level 5, -2/49 HPs)
             Began as an Ogre Wizard on Nov 4, 2016.
             Slain by a water moccasin (5 damage)
             ... on level 5 of the Dungeon.
             The game lasted 00:09:34 (3157 turns).

Kareekexe the Ogre Mage (Ogre Wizard)               Turns: 3157, Time: 00:09:35

Health: -2/49      AC:  3    Str: 12    XL:     5   Next: 13%
Magic:  1/11       EV: 10    Int: 18    God:
Gold:   111        SH:  0    Dex:  8    Spells: 5 memorised, 3 levels left

rFire  . . .     SeeInvis .     h - +0 whip
rCold  . . .     Gourm    .     a - +0 robe
rNeg   . . .     Faith    .     (no shield)
rPois  +         Spirit   .     b - +0 hat
rElec  .         Reflect  .     (no cloak)
rCorr  .         Harm     .     (gloves unavailable)
MR     .....                    (boots unavailable)
Stlth  +.........               (no amulet)
                                (no ring)
                                v - ring of poison resistance

@: very slightly contaminated
A: unfitting armour, tough skin 1
a: no special abilities


You were on level 5 of the Dungeon.
You were not hungry.

You visited 1 branch of the dungeon, and saw 5 of its levels.

You collected 239 gold pieces.
You spent 128 gold pieces at shops.

Inventory:

Hand Weapons
 h - a +0 whip (weapon)
 o - a +0 flail
 u - a +0 mace
Armour
 a - a +0 robe (worn)
 b - a +0 hat (worn)
Jewellery
 v - a ring of poison resistance (left hand)
Wands
 q - a wand of lightning (5/15)
 r - a wand of confusion (12/48)
 B - a wand of polymorph (14/24)
Scrolls
 e - 7 scrolls of identify {unknown}
 f - 4 scrolls of fog {unknown}
 g - 3 scrolls of recharging {unknown}
 i - 3 scrolls of amnesia {unknown}
 k - 2 scrolls of random uselessness {unknown}
 m - a scroll of remove curse {unknown}
 p - 2 scrolls of enchant weapon {unknown}
 s - a scroll of vulnerability {unknown}
 y - a scroll of blinking {unknown}
Potions
 j - 2 potions of haste {unknown}
 l - a potion of invisibility {unknown}
 n - 2 potions of might {unknown}
 t - a potion of flight {unknown}
 w - 3 potions of resistance {unknown}
 x - 2 potions of beneficial mutation {unknown}
Books
 c - a book of Minor Magic

   Spells                             Type                      Level
   a - Magic Dart                     Conjuration                  1
   b - Blink                          Translocation                2
   c - Call Imp                       Summoning                    2
   d - Repel Missiles                 Charms/Air                   2
   e - Slow                           Hexes                        2
   f - Conjure Flame                  Conjuration/Fire             3
   g - Mephitic Cloud                 Conjuration/Poison/Air       3
 z - a book of Misfortune

   Spells                             Type                      Level
   a - Confusing Touch                Hexes                        1
   b - Confuse                        Hexes                        3
   c - Gell's Gravitas                Hexes/Translocation          3
   d - Petrify                        Transmutation/Earth          4
   e - Metabolic Englaciation         Hexes/Ice                    5
   f - Yara's Violent Unravelling     Hexes/Transmutation          5
Comestibles
 d - 2 bread rations
 A - a meat ration
 C - a chunk of flesh


   Skills:
 + Level 1.8 Fighting
 + Level 2.2 Maces & Flails
 + Level 2.7 Dodging
 - Level 1.4 Stealth
 + Level 4.5 Spellcasting
 + Level 1.5 Conjurations
 - Level 0.6 Summonings
 - Level 0.6 Translocations


You had 3 spell levels left.
You knew the following spells:

 Your Spells              Type           Power        Failure   Level  Hunger
a - Magic Dart            Conj           #...         10%         1    None
b - Blink                 Tloc           N/A          17%         2    #......
c - Call Imp              Summ           #.......     17%         2    #......
d - Mephitic Cloud        Conj/Pois/Air  #.......     34%         3    ###....
e - Repel Missiles        Chrm/Air       #.....       21%         2    #......


Dungeon Overview and Level Annotations

Branches:
Dungeon (5/15)
 Temple: D:4-7

Altars:
Dithmenos
Makhleb
Nemelex Xobeh

Shops:
D:4 *

Annotations:
D:3 kae's ghost, amateur HEGl
D:4 Zorot's ghost, novice VSMo
D:5 Menkaure


Innate Abilities, Weirdness & Mutations

You are too large for most types of armour.
You have tough skin. (AC +1)


Message History

Menkaure opens the door.
Menkaure gestures wildly while chanting.
Okay, then.
You can't go up here!
Okay, then.
Menkaure calls on the powers of darkness!
The slave convulses!
Your body is wracked with pain!
* * * LOW HITPOINT WARNING * * *
Casting: Blink
Confirm with . or Enter, or press ? or * to list all spells.
You blink.
Menkaure casts a spell.
The slave shouts!
A slave comes into view.
The water moccasin bites you.
* * * LOW HITPOINT WARNING * * *
Found a stone staircase leading up.
The water moccasin closely misses you. The water moccasin bites you.
You die...

...#......#...# #.#
##....#......#M#.###.#
.....+......#........
#....#.....##.#######
#....#......#.# .
#....#......#M######.
...#...<+...............
........#####...........
.......@....'.M.........
......##S####...........
..).. #...##...........
.... #.......########.
##.........####p.... #
#.#.....# ...## #.....#
....p #.....# ...#p.
#.....# ...# #


You could see a water moccasin and Menkaure.

Vanquished Creatures
  3 gnolls
  An adder (D:5)
  A howler monkey skeleton (D:4)
  A shadow imp (D:5)
  2 oozes
  A worm (D:3)
  A dart slug (D:2)
  A leopard gecko (D:2)
  An orc (D:3)
  3 giant cockroaches
  5 goblins (D:1)
  5 hobgoblins
  2 jackals (D:1)
  4 kobolds
  A quokka (D:2)
  A ball python (D:1)
  4 bats (D:1)
  A jackal skeleton (D:4)
  9 rats
47 creatures vanquished.

Vanquished Creatures (collateral kills)
  A hound (D:4)
  A worm (D:4)
2 creatures vanquished.

Vanquished Creatures (others)
  A quokka (D:4)
1 creature vanquished.

Grand Total: 50 creatures vanquished

Notes
Turn   | Place    | Note
-------+----------+-------------------------------------------
     0 | D:1      | Kareekexe the Ogre Wizard began the quest for the Orb.
     0 | D:1      | Reached XP level 1. HP: 16/16 MP: 5/5
   249 | D:1      | Reached XP level 2. HP: 20/24 MP: 3/6
   297 | D:1      | Reached skill level 4 in Spellcasting
   584 | D:1      | Reached XP level 3. HP: 31/32 MP: 0/8
   604 | D:1      | Reached skill level 1 in Conjurations
  1114 | D:2      | Reached skill level 1 in Fighting
  1386 | D:3      | Reached skill level 1 in Maces & Flails
  1387 | D:3      | Noticed kae's ghost (amateur HEGl)
  1604 | D:2      | Reached XP level 4. HP: 18/41 MP: 0/10
  2386 | D:4      | Found Gotapraje's Assorted Antiques.
  2389 | D:4      | Bought a scroll labeled ATOAR NICHA for 32 gold pieces
  2389 | D:4      | Bought a scroll labeled NIUCOL QEWA for 32 gold pieces
  2389 | D:4      | Bought a scroll labeled AXAEDY CIUMEBBE for 32 gold pieces
  2389 | D:4      | Bought a scroll labeled TOSHIBAXKU for 32 gold pieces
  2450 | D:4      | Noticed Zorot's ghost (novice VSMo)
  2505 | D:4      | Learned a level 2 spell: Blink
  2508 | D:4      | Learned a level 2 spell: Call Imp
  2512 | D:4      | Learned a level 3 spell: Mephitic Cloud
  2515 | D:4      | Learned a level 2 spell: Repel Missiles
  2627 | D:4      | Found a sparkling altar of Nemelex Xobeh.
  2676 | D:4      | Found a burning altar of Makhleb.
  2952 | D:5      | Entered Level 5 of the Dungeon
  2953 | D:5      | Found a shadowy altar of Dithmenos.
  2986 | D:5      | Reached XP level 5. HP: 46/49 MP: 3/11
  3100 | D:5      | Noticed a slave
  3100 | D:5      | Noticed a slave
  3101 | D:5      | Noticed Menkaure
  3109 | D:5      | Noticed a water moccasin
  3152 | D:5      | Noticed a slave
  3157 | D:5      | Slain by a water moccasin

Vault maps used:
D:1:      wheals_arrival_linesprint, hangedman_decor_slide_cut
D:2:      first_bread
D:4:      nicolae_overflow_hidden_temple, nemelex_altar_shiori, serial_shops,
          kennysheep_mini
D:5:      old_standard_altar, lemuel_zombie_altar_yredelemnul,
          nicolae_qazlal_eye_of_the_storm, serial_shops, shop, uniq_menkaure,
          uniq_pikel, uniq_blork_the_orc

Skill      XL: |  1  2  3  4 |
---------------+-------------+-----
Dodging        | 2 |  2.7
Spellcasting   | 4 |  4.5
Conjurations   | 1 |  1.5
Fighting       | 1 |  1.8
Maces & Flails | 1 2 |  2.2
Stealth        | |  1.4
Summonings     | |  0.6
Translocations | |  0.6

Action                   |  1- 3 |  4- 6 || total
-------------------------+-------+-------++-------
Melee: Whip              |    57 |    35 ||    92
 Cast: Magic Dart        |    83 |    34 ||   117
       Call Imp          |       |     3 ||     3
       Blink             |       |     5 ||     5
 Stab: Sleeping          |     3 |       ||     3
  Eat: Chunk             |       |     2 ||     2
       Meat ration       |       |     1 ||     1
Armor: Robe              |    23 |     6 ||    29
Dodge: Dodged            |    45 |    28 ||    73
